[Event "IV Elllobregat Open Chess Tmnt"]
[Site "Sant Boi de Llobregat, Spain"]
[Date "2023.12.03"]
[Round "4.52"]
[White "Selbes, Tamer Tarik"]
[Black "Narciso Dublan, Marc"]
[Result "1-0"]
[TimeControl "90min/40moves + 15min/end + 30sec from move 1"]
[WhiteFideId "6302513"]
[BlackFideId "2201500"]
[WhiteElo "2238"]
[BlackElo "2413"]

1. e4 Nc6 2. Nf3 d6 3. d4 Nf6 4. Nc3 g6 5. d5 Nb8 6. Be2 Bg7 7. O-O O-O 8. h3 e5 9. dxe6 Bxe6 10.
Nd4 Bd7 11. Bg5 Nc6 12. Nb3 h6 13. Be3 Re8 14. Nd2 Be6 15. Qc1 d5 16. exd5 Nxd5 17. Nxd5 Bxd5 18. Nf3 Qf6 19. Rd1 Rad8 20.
c4 Be4 21. Rxd8 Rxd8 22. Bxh6 Qxb2 23. Qxb2 Bxb2 24. Re1 Nb4 25. Bd1 Nxa2 26. Rxe4 Rxd1+ 27. Kh2 Bc1 28. Re8+ Kh7 29. Bf8 a5 30.
Bc5 g5 31. Bd4 f5 32. h4 gxh4 33. Be5 Kg6 34. Re7 f4 35. Nxh4+ Kg5 36. g3 fxg3+ 37. fxg3 Rd2+ 38. Kh3 Rd3 39.
Rg7+ Kh5 40. Bf6 Nc3 41. Rh7+ Bh6 42. Bg7 Ne4 43. Rxh6+ Kg5 44. Rg6+ Kh5 45. Be5 Ng5+ 46. Kg2 Rd2+ 47.
Kf1 Ne4 48. Rg8 a4 49. Ng2 Rd7 50. g4+ Kh6 51. Nh4 Nd2+ 52. Ke2 Nxc4 53. Rh8+ Kg5 54. Nf3+ Kg6 55. Bc3 b5 56. Rh5 Re7+ 57.
Kf2 Re3 58. Nh4+ Kf7 59. Bh8 Re8 60. g5 a3 61. g6+ Ke6 62. Bc3 c6 63. g7 Rg8 64. Rh8 Rxg7 65. Bxg7 b4 66. Nf3 c5 67.
Ke2 b3 68. Nd2 b2 69. Bxb2 axb2 70. Rb8 1-0

[Event "IV Elllobregat Open Chess Tmnt"]
[Site "Sant Boi de Llobregat, Spain"]
[Date "2023.12.03"]
[Round "4.53"]
[White "Roca Planas, Edgar"]
[Black "Abdurakhmonov, Mukhammadali"]
[Result "1/2-1/2"]
[TimeControl "90min/40moves + 15min/end + 30sec from move 1"]
[WhiteFideId "24561290"]
[BlackFideId "14207346"]
[WhiteElo "2218"]
[BlackElo "2409"]

1. e4 c5 2. Nf3 Nc6 3. Bb5 e6 4. O-O Nge7 5. Re1 a6 6. Bf1 d5 7. d3 g6 8. exd5 Nxd5 9. d4 cxd4 10.
Nxd4 Nce7 11. c4 Nf6 12. Bf4 Bg7 13. Be5 O-O 14. Nc3 Bd7 15. Qb3 Nc6 16. Nxc6 Bxc6 17. Rad1 Qa5 18. a3 Rfd8 19.
Bd4 Nd7 20. Bxg7 Kxg7 21. Qa2 Qg5 22. Ne4 Bxe4 23. Rxe4 Nc5 24. Red4 Rxd4 25. Rxd4 a5 26. b3 Qc1 27. Rd2 a4 28.
b4 Nb3 29. Rd7 Rc8 30. Qe2 Qxa3 31. Qxe6 Rf8 32. Qe5+ Kg8 33. Rxb7 Qc1 34. Rb8 Rxb8 35. Qxb8+ Kg7 36. Qe5+ Kh6 37.
b5 a3 38. b6 Nc5 39. Qxc5 a2 40. Qf8+ Kh5 41. Qc5+ f5 42. g4+ Kxg4 43. Qd4+ Kh5 44. b7 Qg5+ 45. Kh1 Qc1 46. Kg2 1/2-1/2

[Event "IV Elllobregat Open Chess Tmnt"]
[Site "Sant Boi de Llobregat, Spain"]
[Date "2023.12.03"]
[Round "4.54"]
[White "Fishchuk, Vladyslav"]
[Black "Iliaguev, Nisim"]
[Result "1-0"]
[TimeControl "90min/40moves + 15min/end + 30sec from move 1"]
[WhiteFideId "34122117"]
[BlackFideId "2817276"]
[WhiteElo "2198"]
[BlackElo "2409"]

1. d4 Nf6 2. c4 e6 3. Nf3 Bb4+ 4. Nbd2 O-O 5. a3 Be7 6. e4 d6 7. Be2 b6 8. Qc2 Bb7 9. O-O Nbd7 10.
b4 e5 11. Bb2 Re8 12. d5 c6 13. Ne1 Rc8 14. Qd3 Nf8 15. Qb3 Ng6 16. g3 Qd7 17. b5 cxb5 18. cxb5 Rc5 19. Ng2 Rec8 20.
Ne3 h5 21. h4 Ng4 22. Rfc1 Nf8 23. a4 Rxc1+ 24. Rxc1 Rxc1+ 25. Bxc1 Qc7 26. Qc4 Qxc4 27. Ndxc4 Nd7 28. Nf5 1-0

[Event "IV Elllobregat Open Chess Tmnt"]
[Site "Sant Boi de Llobregat, Spain"]
[Date "2023.12.03"]
[Round "4.55"]
[White "Martin Gonzalez, Angel"]
[Black "Molenda, Marcin"]
[Result "0-1"]
[TimeControl "90min/40moves + 15min/end + 30sec from move 1"]
[WhiteFideId "2200104"]
[BlackFideId "1173065"]
[WhiteElo "2191"]
[BlackElo "2387"]

1. e4 c5 2. Nf3 d6 3. d4 cxd4 4. Nxd4 Nf6 5. Nc3 Nc6 6. Bc4 Qb6 7. Nb3 e6 8. O-O Be7 9. Be3 Qc7 10. f4 a6 11. Bd3 O-O 12. g4 b5 13. g5 Nd7 14. Qh5 b4 15. Ne2 g6 16. Qh6 Re8 17. Rf3 Bf8 18. Qh4 Bg7 19. f5 exf5 20. Rh3 fxe4 21. Nf4 Nf8 22. Nd5 Qd7 23. Bf1 Ne5 24. Qxe4 Bb7 25. Bg2 Rab8 26. Rg3 Ba8 27. Rd1 Rbc8 28. Bd4 Rc4 29. Qe2 Qf5 30. Ne3 Qc8 31. Bxa8 Rxd4 32. Rxd4 Qxa8 33. Rxd6 Ne6 34. Nd5 Rd8 35. Rxd8+ Qxd8 36. Qd2 Nxg5 37. Qd1 Ne4 38. Rg2 Qh4 39. Ne3 Qf4 40. Qd8+ Bf8 41. Nd5 Nf3+ 42. Kh1 Qe5 43. Nc1 Kg7 44. Nd3 Qh5 45. N5f4 Ng3+ 0-1